 Dungeon Crawl Stone Soup version 0.21.0-3-g78d12a8bdd (webtiles) character file.

261 NullDivider the Charlatan (level 5, -3/28 HPs)
             Began as a Spriggan Artificer on Jan 17, 2018.
             Was an Initiate of Gozag.
             Killed by divine providence
             ... invoked by an orc priest
              (14 damage)
             ... on level 5 of the Dungeon.
             The game lasted 00:20:57 (5390 turns).

NullDivider the Charlatan (Spriggan Artificer)      Turns: 5390, Time: 00:20:57

Health: -3/28      AC:  3    Str:  8    XL:     5   Next: 96%
Magic:  9/9        EV: 20    Int: 15    God:    Gozag
Gold:   235        SH:  0    Dex: 18    Spells: 4/4 levels left

rFire    . . .     SeeInvis +   a - +0 short sword
rCold    . . .     Gourm    .   (shield restricted)
rNeg     . . .     Faith    .   b - +0 robe
rPois    .         Spirit   .   (helmet restricted)
rElec    .         Reflect  .   q - +0 cloak
rCorr    .         Harm     .   (gloves unavailable)
MR       .....                  (boots unavailable)
Stlth    +++.......             (no amulet)
HPRegen  0.09/turn              x - +3 ring of intelligence
MPRegen  0.11/turn              (no ring)

@: gold aura, very quick
A: very small, unfitting armour, see invisible, herbivore, speed 3, slow
metabolism 2
a: Potion Petition, Call Merchant, Bribe Branch, Renounce Religion


You were on level 5 of the Dungeon.
You worshipped Gozag.
Gozag was aware of your devotion.
You were hungry.

You visited 1 branch of the dungeon, and saw 5 of its levels.

You collected 258 gold pieces.
You paid 23 gold pieces to Gozag.

Inventory:

Hand Weapons
 a - a +0 short sword (weapon)
Armour
 b - a +0 robe (worn)
 q - a +0 cloak (worn)
Jewellery
 x - a +3 ring of intelligence (left hand)
Wands
 c - a wand of flame (9)
 d - a wand of enslavement (13)
 e - a wand of random effects (8)
Scrolls
 g - 6 scrolls of identify {unknown}
 i - 2 scrolls of magic mapping {unknown}
 l - a scroll of noise {unknown}
 o - 5 scrolls of teleportation {unknown}
 r - a scroll of amnesia {unknown}
 s - a scroll of remove curse {unknown}
 t - 3 scrolls of blinking {unknown}
 w - a scroll of enchant armour {unknown}
 y - a scroll of enchant weapon {unknown}
Potions
 h - 2 potions of heal wounds {unknown}
 j - a potion of brilliance {unknown}
 k - 2 potions of mutation {unknown}
 m - a potion of might {unknown}
 n - 2 potions of agility {unknown}
 p - 4 potions of curing {unknown}
 u - a potion of haste {unknown}
 v - a potion of degeneration {unknown}
Comestibles
 f - 11 rations


   Skills:
 * Level 2.9 Fighting
 + Level 2.7 Short Blades
 + Level 4.5 Dodging
 + Level 3.8 Stealth
 + Level 5.1 Evocations


You had 4 spell levels left.
You didn't know any spells.

Dungeon Overview and Level Annotations

Branches:
Dungeon (5/15)
 Temple: D:4-7

Altars:
Ashenzari
Cheibriados
Dithmenos
Gozag
Makhleb
Okawaru
Wu Jian
Xom
Zin
The Shining One

Shops:
D:4 :

Annotations:
D:4 weerde's ghost, novice MiBe


Innate Abilities, Weirdness & Mutations

You are very small and have problems with some larger weapons.
You are too small for most types of armour.
You have supernaturally acute eyesight. (SInv)
You are a herbivore.
You cover ground extremely quickly.
You need consume almost no food.


Message History

The orc is severely wounded.
The orc completely misses you.
You closely miss the orc.
The orc is severely wounded.
The orc misses you.
You closely miss the orc.
The orc is severely wounded.
The orc hits you with a whip.
You hit the orc.
You kill the orc!
The orc priest invokes the aid of Beogh against you.
Beogh smites you! The jackal closely misses you.
You hit the jackal.
You kill the jackal!
You hit the orc priest but do no damage.
The orc priest mumbles some strange prayers to Beogh against you.
Beogh smites you!
Ouch! That really hurt!
You die...
Your body crumbles into a pile of gold.

...............#
....h..........#
......$........#
.......$.......#
...............#
.:.......o.....#
...............#
%...##...##o####
....
#...##@####.##.
...
#...............
#........(......
#...............
#...............
################


You could see an orc priest and an orc wizard.

Vanquished Creatures
  A centaur (D:5)
  A hound (D:4)
  7 adders
  An ooze (D:1)
  2 worms
  A leopard gecko (D:1)
  2 orcs
  8 bats
  A giant cockroach (D:2)
  7 goblins
  11 hobgoblins
  7 jackals
  6 kobolds
  A quokka (D:3)
  2 ball pythons
  3 frilled lizards
  6 rats
67 creatures vanquished.

Vanquished Creatures (collateral kills)
  2 orcs (D:4)
2 creatures vanquished.

Vanquished Creatures (others)
  An orc priest (D:5)
1 creature vanquished.

Grand Total: 70 creatures vanquished

Notes
Turn   | Place    | Note
-------+----------+-------------------------------------------
     0 | D:1      | NullDivider the Spriggan Artificer began the quest for the Orb.
     0 | D:1      | Reached XP level 1. HP: 9/9 MP: 4/4
   122 | D:1      | Reached skill level 1 in Fighting
   199 | D:1      | Reached XP level 2. HP: 13/14 MP: 6/6
   225 | D:1      | You fall through a shaft!
   972 | D:2      | Reached XP level 3. HP: 15/18 MP: 7/7
  1706 | D:2      | Reached XP level 4. HP: 7/23 MP: 8/8
  2354 | D:3      | Found a shimmering altar of Xom.
  2357 | D:3      | Found a snail-covered altar of Cheibriados.
  2760 | D:3      | Found a burning altar of Makhleb.
  2761 | D:3      | Found an opulent altar of Gozag.
  2762 | D:3      | Found a shattered altar of Ashenzari.
  2762 | D:3      | Found an ornate altar of the Wu Jian Council.
  2762 | D:3      | Found a glowing golden altar of the Shining One.
  2762 | D:3      | Found a shadowy altar of Dithmenos.
  2765 | D:3      | Became a worshipper of Gozag Ym Sagoz the Greedy
  2768 | D:3      | Found an iron altar of Okawaru.
  2770 | D:3      | Found a glowing silver altar of Zin.
  3436 | D:4      | Reached XP level 5. HP: 20/27 MP: 9/9
  3519 | D:4      | Noticed weerde's ghost (novice MiBe)
  3550 | D:4      | Found Ifunt's Book Shop.
  3776 | D:4      | Noticed an orc warrior
  4860 | D:5      | Entered Level 5 of the Dungeon
  4864 | D:5      | Noticed a centaur
  4874 | D:5      | Killed a centaur
  4874 | D:5      | Reached skill level 5 in Evocations
  5390 | D:5      | Killed from afar by an orc priest

Skill      XL: |  1  2  3  4  5 |
---------------+----------------+-----
Fighting       | 1 2 |  2.9
Stealth        | 2 3 |  3.8
Short Blades   | 2 |  2.7
Dodging        | 4 |  4.5
Evocations     | 5 |  5.1

Action                   |  1- 3 |  4- 6 || total
-------------------------+-------+-------++-------
Melee: Short sword       |   168 |   207 ||   375
Evoke: Wand              |     1 |    14 ||    15
 Stab: Sleeping          |     6 |     3 ||     9
       Paralysed         |       |     3 ||     3
  Eat: Ration            |       |     1 ||     1
Armor: Robe              |    27 |    18 ||    45
Dodge: Dodged            |   169 |   192 ||   361
